 Dungeon Crawl Stone Soup version 0.26-a0-30-g56b8cd3df0 (webtiles) character file.

Game seed: 15885803295895479056, levelgen mode: deterministic

244 Hasart the Skirmisher (level 5, -1/42 HPs)
             Began as a Mummy Fighter on June 3, 2020.
             Slain by Pikel
             ... wielding a +2 whip of freezing
              (4 damage)
             ... on level 3 of the Dungeon.
             The game lasted 00:05:40 (1836 turns).

Hasart the Skirmisher (Mummy Fighter)               Turns: 1836, Time: 00:05:41

Health: -1/42      AC:  6    Str: 20    XL:     5   Next: 83%
Magic:  5/5        EV:  7    Int:  7    God:
Gold:   111        SH:  9    Dex: 12    Spells: 4/4 levels left

rFire    x . .     SeeInvis .   k - +3 mace
rCold    + . .     Gourm    .   c - +0 kite shield
rNeg     + + +     Faith    .   b - +0 scale mail
rPois    ∞         Spirit   .   (no helmet)
rElec    .         Reflect  .   (no cloak)
rCorr    .         Harm     .   (no gloves)
MR       .....                  (no boots)
Stlth    ..........             h - amulet of regeneration
HPRegen  0.54/turn              (no ring)
MPRegen  0.09/turn              (no ring)

@: no status effects
A: no food or potions, fire vulnerability, cold resistance 1, negative energy
resistance 3, torment resistance, unbreathing
a: no special abilities


You were on level 3 of the Dungeon.
You were not hungry.

You visited 1 branch of the dungeon, and saw 4 of its levels.

You collected 111 gold pieces.

Inventory:

Hand Weapons
 j - a +3 hand axe
 k - a +3 mace (weapon)
Armour
 b - a +0 scale mail (worn)
 c - a +0 kite shield (worn)
Jewellery
 h - an amulet of regeneration (around neck)
 i - an uncursed ring of magical power {unknown}
Scrolls
 d - 9 scrolls of identify {unknown}
 e - 2 scrolls of remove curse {unknown}
 f - 4 scrolls of teleportation {unknown}


   Skills:
 + Level 3.8 Fighting
 * Level 3.2 Maces & Flails
 + Level 1.4 Throwing
 + Level 3.1 Armour
 + Level 3.1 Shields


You had 4 spell levels left.
You didn't know any spells.
Your spell library was empty.

Dungeon Overview and Level Annotations

Branches:
Dungeon (4/15)
 Temple: D:4-7

Altars:
Gozag

Annotations:
D:2 Sigmund
D:3 Pikel
D:4 Dowan, Duvessa


Innate Abilities, Weirdness & Mutations

You do not eat or drink.
Your flesh is vulnerable to fire.
You are immune to poison.
Your flesh is cold resistant. (rC+)
You are immune to negative energy. (rN+++)
You are immune to unholy pain and torment.
You can survive without breathing.


Message History

Pikel hits you with a +2 whip of freezing.
* * * LOW HITPOINT WARNING * * *
The slave hits you but does no damage. Pikel hits you but does no damage.
You closely miss Pikel.
Pikel is moderately wounded.
The slave hits you.
* * * LOW HITPOINT WARNING * * *
Pikel hits you with a +2 whip of freezing.
* * * LOW HITPOINT WARNING * * *
You block the slave's attack.
Unknown command.
You hit Pikel.
Pikel is moderately wounded.
You block Pikel's attack. The slave hits you.
* * * LOW HITPOINT WARNING * * *
Unknown command.
You hit Pikel.
Pikel is heavily wounded.
Pikel hits you with a +2 whip of freezing.
You die...

#.....# ##.##...
#....... #....#..
####.##.#..
########....##.#..
#(.......#...#....
#p########.#......
#@# #.#####.. #K#
#.# ### #.# #.#
### #.# #.#####.>
#.## ##.##....#
#(.# #.....####
##.# ##..####...
##.#####...##...##
#.!...........####


You could see Pikel and a slave.

Vanquished Creatures
  A bullfrog (D:3)
  A hound (D:4)
  An orc priest (D:4)
  4 adders
  A worm (D:3)
  3 leopard geckos
  6 orcs
  2 ball pythons (D:1)
  7 bats
  3 giant cockroaches
  6 goblins
  8 hobgoblins
  13 jackals
  5 kobolds
  A quokka (D:3)
  4 frilled lizards
  7 rats
73 creatures vanquished.

Notes
Turn   | Place    | Note
-------+----------+-------------------------------------------
     0 | D:1      | Hasart the Mummy Fighter began the quest for the Orb.
     0 | D:1      | Reached XP level 1. HP: 18/18 MP: 1/1
   267 | D:1      | Reached XP level 2. HP: 22/24 MP: 2/2
   820 | D:2      | Noticed Sigmund
   877 | D:1      | Reached XP level 3. HP: 20/29 MP: 3/3
  1084 | D:3      | Reached XP level 4. HP: 35/35 MP: 4/4
  1141 | D:3      | Noticed a bullfrog
  1148 | D:3      | Killed a bullfrog
  1148 | D:3      | Reached skill level 1 in Throwing
  1182 | D:3      | Reached XP level 5. HP: 41/41 MP: 5/5
  1645 | D:4      | Noticed Dowan
  1645 | D:4      | Noticed a slave
  1645 | D:4      | Noticed Duvessa
  1802 | D:4      | Noticed Pikel
  1803 | D:4      | Noticed a slave
  1804 | D:4      | Noticed a slave
  1812 | D:4      | Found an opulent altar of Gozag.
  1819 | D:4      | Noticed a slave
  1836 | D:3      | Slain by Pikel

Illustrated notes

Levels and vault maps discovered:
D:1:      minmay_arrival_open_corners, layout_loops_ring
D:2:      layout_rooms, minmay_cupped, uniq_sigmund
D:3:      layout_rooms, first_ration
D:4:      layout_layer_cave, kennysheep_mini_moat, uniq_menkaure, uniq_duvessa,
          uniq_pikel

Skill      XL: |  1  2  3  4  5 |
---------------+----------------+-----
Maces & Flails | 2 3 |  3.2
Throwing       | 1 |  1.4
Armour         | 3 |  3.1
Shields        | 3 |  3.1
Fighting       | |  3.8

Action                   |  1- 3 |  4- 6 || total
-------------------------+-------+-------++-------
Melee: Flail             |   211 |    63 ||   274
       Hand axe          |       |    29 ||    29
       Mace              |       |    11 ||    11
Throw: Javelin           |       |     3 ||     3
Armor: Scale mail        |   154 |    56 ||   210
Dodge: Dodged            |    77 |    52 ||   129
Block: Kite shield       |   135 |    79 ||   214

Table legend:
 A = Non-vault XP
 B = Vault XP
 C = Vault XP percentage of total XP
 D = Non-vault monster count
 E = Vault monster count
 F = Vault count percentage of total count
                 A         B        C        D         E       F
            +---------+---------+-------+---------+---------+-------
      Total |     349 |       0 |   0.0 |      73 |       0 |   0.0
            +---------+---------+-------+---------+---------+-------
        D:1 |      42 |       0 |   0.0 |      24 |       0 |   0.0
        D:2 |      22 |       0 |   0.0 |       6 |       0 |   0.0
        D:3 |     177 |       0 |   0.0 |      36 |       0 |   0.0
        D:4 |     108 |       0 |   0.0 |       7 |       0 |   0.0
            +---------+---------+-------+---------+---------+-------
